 Dungeon Crawl Stone Soup version 0.25.1-2-g60ff931df9 (webtiles) character file.

Game seed: 6168371038265882081

295 Ijustatesigmund the Chopper (level 6, -4/44 HPs)
             Began as an Octopode Fighter on Sept 7, 2020.
             Slain by Pikel
             ... wielding a +2 whip of flaming
              (8 damage)
             ... on level 4 of the Dungeon.
             The game lasted 00:05:40 (3144 turns).

Ijustatesigmund the Chopper (Octopode Fighter)      Turns: 3144, Time: 00:05:40

Health: -4/44      AC:  1    Str: 15    XL:     6   Next: 34%
Magic:  6/6        EV: 12    Int: 11    God:
Gold:   185        SH: 11    Dex: 13    Spells: 5/5 levels left

rFire    + . .     SeeInvis .   a - +1 war axe
rCold    . . .     Gourm    .   b - +2 kite shield
rNeg     + . .     Faith    .   (helmet restricted)
rPois    +         Spirit   .   j - amulet of the acrobat
rElec    .         Reflect  .   n - ring of protection from fire
rCorr    .         Harm     .   o - ring of poison resistance
MR       .....                  r - ring of positive energy
Stlth    ++........             (no ring)
HPRegen  0.14/turn              (no ring)
MPRegen  0.10/turn              (no ring)
                                (no ring)
                                (no ring)

@: mighty
A: almost no armour, stealthy swim, amphibious, 8 rings, constrict 8, camouflage
1, gelatinous body 1
a: no special abilities


You were on level 4 of the Dungeon.
You were not hungry.

You visited 1 branch of the dungeon, and saw 4 of its levels.

You collected 185 gold pieces.

Inventory:

Hand Weapons
 a - a +1 war axe (weapon)
Armour
 b - a +2 kite shield (worn)
Jewellery
 j - an amulet of the acrobat (around mantle)
 n - a ring of protection from fire (left tentacle)
 o - a ring of poison resistance (right tentacle)
 p - an uncursed ring of fire
 r - a ring of positive energy (on tentacle)
Wands
 m - a wand of disintegration (12)
Scrolls
 e - 3 scrolls of remove curse
Potions
 c - a potion of might
 g - 2 potions of curing
 h - a potion of flight
 l - 2 potions of magic
Comestibles
 d - 6 rations
 k - a chunk of flesh


   Skills:
 + Level 4.4 Fighting
 + Level 4.8 Axes
 + Level 3.5 Dodging
 + Level 3.5 Shields


You had 5 spell levels left.
You didn't know any spells.
Your spell library was empty.

Dungeon Overview and Level Annotations

Branches:
Dungeon (4/15)
 Temple: D:4-7

Altars:

Annotations:
D:3 1 runed translucent door, Colgate's ghost, amateur NaEn
D:4 Pikel


Innate Abilities, Weirdness & Mutations

You cannot wear most types of armour.
You are very stealthy in the water. (Stealth+)
You are amphibious.
You can wear up to eight rings at the same time.
You can use your tentacles to constrict eight enemies at once.
Your skin changes colour to match your surroundings (Stealth+).
Your rubbery body absorbs attacks. (AC +1, EV +1)


Message History

You block Pikel's attack.
You closely miss Pikel. Your grab misses Pikel.
Pikel is lightly wounded.
You slash the slave! The slave hits you. Pikel barely misses you.
You barely miss Pikel. Your grab misses Pikel. Your squeeze misses Pikel.
Pikel is lightly wounded.
You hit the slave. The slave misses you.
Pikel hits you with a +2 whip of flaming!
Pikel burns you. The slave completely misses you.
Pikel hits you with a +2 whip of flaming!
* * * LOW HITPOINT WARNING * * *
Pikel burns you.
* * * LOW HITPOINT WARNING * * *
Okay, then.
Okay, then.
As you read the scroll labeled OMNEDWO ICSIUR, it crumbles to dust.
It is a scroll of enchant weapon.
Your +0 war axe glows red for a moment.
You block the slave's attack.
Pikel hits you with a +2 whip of flaming!
You die...

#######.....#.#
........###.#.########
........#.#.#.##.....###
........#..<#.##........
.......................#
..............#.........
.###........(...........
#......(....p........
#...........K@.......
#..........(####.....
........$(...#########
.............)(........
....#######............
.... #.........(..
#....K.(.....
#...†...($...
#..(...(..(.p


You could see Pikel and a slave.

Vanquished Creatures
  3 slaves (D:4)
  A phantom (D:4)
  2 orc priests
  An orc wizard (D:4)
  3 adders
  A shadow imp (D:2)
  An ooze (D:2)
  A worm (D:4)
  3 dart slugs
  3 leopard geckos
  5 orcs
  A ball python (D:3)
  6 bats
  4 giant cockroaches
  3 hobgoblins
  9 jackals
  7 kobolds
  3 frilled lizards
  9 goblins
  3 rats
69 creatures vanquished.

Notes
Turn   | Place    | Note
-------+----------+-------------------------------------------
     0 | D:1      | Ijustatesigmund the Octopode Fighter began the quest for
                  | the Orb.
     0 | D:1      | Reached XP level 1. HP: 16/16 MP: 1/1
     0 | D:1      | Noticed a naga
     2 | D:1      | Noticed an ogre
     2 | D:1      | Noticed a formicid
     8 | D:1      | Noticed a gargoyle
     9 | D:1      | Noticed a troll
    11 | D:1      | Noticed a formicid
    13 | D:1      | Noticed a centaur
    15 | D:1      | Noticed an ogre
    15 | D:1      | Noticed an ogre
    15 | D:1      | Noticed a vampire
    17 | D:1      | Noticed a human
    17 | D:1      | Noticed a vine stalker
    17 | D:1      | Noticed an elf
    21 | D:1      | Noticed a draconian
   291 | D:1      | Reached XP level 2. HP: 20/21 MP: 2/2
   739 | D:1      | Reached XP level 3. HP: 24/26 MP: 3/3
  1276 | D:2      | Reached XP level 4. HP: 32/32 MP: 4/4
  2197 | D:3      | Reached XP level 5. HP: 21/37 MP: 5/5
  2520 | D:3      | Found a runed translucent door.
  2520 | D:3      | Noticed Colgate's ghost (amateur NaEn)
  3071 | D:4      | Noticed a phantom
  3093 | D:4      | Noticed a slave
  3110 | D:4      | Killed a phantom
  3110 | D:4      | Reached XP level 6. HP: 39/44 MP: 6/6
  3113 | D:4      | Noticed a slave
  3128 | D:4      | Killed a slave
  3130 | D:4      | Noticed a slave
  3130 | D:4      | Noticed a slave
  3132 | D:4      | Noticed Pikel
  3139 | D:4      | Killed a slave
  3140 | D:4      | Killed a slave
  3144 | D:4      | Slain by Pikel

Illustrated notes

Levels and vault maps discovered:
D:1:      shiori_arrival_whats_in_store_for_you, layout_loops_ring,
          minmay_door_square
D:2:      layout_loops_ring, first_ration
D:3:      layout_loops_ring, hellmonk_ghost_happy_afterlife,
          hangedman_decor_clover_reticule
D:4:      minmay_thinvault, layout_basic, uniq_edmund, uniq_pikel

Skill      XL: |  1  2  3  4 |
---------------+-------------+-----
Axes           | 3 4 |  4.8
Fighting       | 4 |  4.4
Dodging        | |  3.5
Shields        | |  3.5

Action                   |  1- 3 |  4- 6 || total
-------------------------+-------+-------++-------
Melee: War axe           |    40 |    83 ||   123
       Constrict         |     8 |    18 ||    26
       Tentacles         |     4 |    16 ||    20
Throw: Dart              |     6 |    18 ||    24
Evoke: Wand              |       |     2 ||     2
  Use: Scroll            |     5 |     4 ||     9
       Potion            |       |     3 ||     3
 Stab: Sleeping          |     3 |     4 ||     7
       Distracted        |     1 |       ||     1
  Eat: Chunk             |     1 |     6 ||     7
Armor: Skin              |     2 |     2 ||     4
Dodge: Dodged            |    16 |    38 ||    54
Block: Kite shield       |    24 |    28 ||    52
